 Dungeon Crawl Stone Soup version 0.30-a0-728-gc68057be0a (webtiles) character file.

Game seed: 16303097957637220451

29 sokol815 the Firebug (level 2, -2/20 HPs)
             Began as a Demigod Fire Elementalist on Jan 31, 2023.
             Slain by a quokka (4 damage)
             ... on level 2 of the Dungeon.
             The game lasted 00:02:47 (1461 turns).

sokol815 the Firebug (Demigod Fire Elementalist)    Turns: 1461, Time: 00:02:48

Health: -2/20      AC:  2    Str:  9    XL:     2   Next: 81%
Magic:  2/7        EV: 12    Int: 17    God:
Gold:   35         SH:  0    Dex: 14    Spells: 1/4 levels left

rFire   . . .      SeeInvis .    a - +0 hand axe
rCold   . . .      Faith    .    (no shield)
rNeg    + . .      Spirit   .    c - +0 robe
rPois   .          Reflect  .    (no helmet)
rElec   .          Harm     .    (no cloak)
rCorr   .          Rampage  .    (no gloves)
Will    .....                    (no boots)
Stlth   ++                       (no amulet)
HPRegen 0.23/turn                N - ring of positive energy {rN+}
MPRegen 0.10/turn                (no ring)

@: no status effects
A: high MP 1, forlorn, divine attributes
a: no special abilities


You were on level 2 of the Dungeon.
You visited 1 branch of the dungeon, and saw 2 of its levels.

You collected 35 gold pieces.

Inventory:

Hand Weapons
 a - a +0 hand axe (weapon)
   (You found it on level 1 of the Dungeon)
Missiles
 s - 23 stones
Armour
 c - a +0 robe (worn)
Jewellery
 N - a ring of positive energy (left hand) {rN+}
   (You found it on level 1 of the Dungeon)
Scrolls
 d - a scroll of teleportation {unknown}
 f - a scroll of fog {unknown}
 g - a scroll of blinking {unknown}
 h - a scroll of poison {unknown}
 i - a scroll of immolation {unknown}
 k - a scroll of magic mapping {unknown}
Potions
 b - 2 potions of curing {unknown}
 e - a potion of heal wounds {unknown}
 j - a potion of mutation {unknown}
 M - a potion of magic


   Skills:
 - Level 1.7 Dodging
 - Level 1.7 Stealth
 - Level 1.7 Spellcasting
 - Level 0.8 Conjurations
 + Level 3.8 Fire Magic


You had one spell level left.
You knew the following spells:

 Your Spells              Type           Power      Damage    Failure   Level
a - Foxfire               Conj/Fire      36%        2x1d5     8%          1
b - Scorch                Fire           28%        2d6       6%          2

Your spell library contained the following spells:

 Spells                   Type           Power      Damage    Failure   Level
 Sandblast                Erth           2%         2d4       21%         1
 Inner Flame              Hex/Fire       8%         N/A       26%         3
 Passwall                 Tmut/Erth      0%         N/A       30%         2
 Kindle Blastsparks       Fire/Tloc/Air  10%        2d10      34%         3
 Stone Arrow              Conj/Erth      4%         3d7       45%         3
 Flame Wave               Conj/Fire      9%         2d6       58%         4


Dungeon Overview and Level Annotations

Branches:
Dungeon (2/15) Zot: 10528


Innate Abilities, Weirdness & Mutations

You have an increased reservoir of magic. (+10% MP)
You shall have no god before yourself.
Your divine heritage dramatically boosts your attributes as you level up.


Message History

A kobold comes into view. It is wielding a +0 dagger.
The kobold shouts!
You conjure some foxfire!
You now have 6/7 mp.
You conjure some foxfire!
The foxfire hits the kobold. x3
You kill the kobold!
You now have 5/7 mp.
Things that are here:
a +0 dagger; a kobold corpse
Found a stone staircase leading down.
MP restored: 7
Things that are here:
a +0 dagger; a kobold corpse An endoplasm comes into view.
The endoplasm quivers.
You hit the endoplasm. The endoplasm closely misses you.
You hit the endoplasm.
You kill the endoplasm!
A ball python comes into view.
The ball python hisses angrily.
You conjure some foxfire!
The foxfire hits the ball python.
You kill the ball python!
You now have 6/7 mp.
You conjure some foxfire!
You now have 5/7 mp.
You now have 35 gold pieces (gained 12).
Found a stone staircase leading down.
MP restored: 7
There is a stone staircase leading down here.
A ball python comes into view.
The ball python hisses angrily.
You conjure some foxfire!
You now have 6/7 mp.
You conjure some foxfire!
The foxfire hits the ball python.
You kill the ball python!
You now have 5/7 mp.
A hobgoblin comes into view. It is wielding a +0 dagger.
MP restored: 7 You conjure some foxfire!
The hobgoblin shouts!
The hobgoblin throws a stone.
The stone closely misses you.
You now have 6/7 mp.
You conjure some foxfire!
The hobgoblin throws a stone.
The stone hits you.
You take 1 damage, and have 19/20 hp.
You now have 5/7 mp.
You conjure some foxfire!
Health restored: 20 You now have 4/7 mp.
The foxfire hits the hobgoblin. x2
You kill the hobgoblin!
Found an escape hatch in the ceiling.
s - 23 stones (gained 8);
b - 2 blue potions (gained 1)
You see here a +0 dagger.
There is an escape hatch in the ceiling here.
A quokka comes into view.
MP restored: 7 You conjure some foxfire!
You now have 6/7 mp.
You miscast Foxfire.
You are very lightly contaminated with residual magic.
Nothing appears to happen.
You now have 5/7 mp.
You conjure some foxfire!
You now have 4/7 mp.
You conjure some foxfire!
You now have 3/7 mp.
Unknown command.
The quokka bites you.
You take 2 damage, and have 18/20 hp.
You closely miss the quokka. The quokka bites you. The quokka misses you.
Your magical contamination has completely faded away.
You take 5 damage, and have 13/20 hp.
MASSIVE DAMAGE!!
You barely miss the quokka. The quokka bites you.
You take 2 damage, and have 11/20 hp.
You closely miss the quokka. The quokka closely misses you.
The quokka bites you.
You take 2 damage, and have 9/20 hp.
You hit the quokka. The quokka bites you.
* * * LOW HITPOINT WARNING * * *
You take 4 damage, and have 5/20 hp.
You barely miss the quokka.
The quokka bites you but does no damage.
The quokka closely misses you.
You miss the quokka. The quokka bites you.
* * * LOW HITPOINT WARNING * * *
You take 2 damage, and have 4/20 hp.
The quokka attacks as you move away! The quokka closely misses you.
The quokka bites you.
* * * LOW HITPOINT WARNING * * *
You take 3 damage, and have 1/20 hp.
You conjure some foxfire!
The quokka closely misses you.
You now have 3/7 mp.
You conjure some foxfire!
The quokka bites you.
You die...

#...# #. #...# #...#
#...#######.
#...........
###..#########
#....# #####
#.#.####.vv#######.#
#§#.).<.§#@r.......#
#.######.§v#######.#
#. ###§v... #§
#.#### #. #.# #. #.#
#.# #.#


You could see a quokka (ally target).

Vanquished Creatures
  A bat (D:1)
  5 endoplasms
  A giant cockroach (D:1)
  2 goblins (D:1)
  5 hobgoblins
  2 jackals (D:1)
  6 ball pythons
  2 kobolds
  A rat (D:1)
25 creatures vanquished.

Vanquished Creatures (others)
  85 foxfires
  9 fungi (D:2)
  4 plants (D:2)
98 creatures vanquished.

Grand Total: 123 creatures vanquished

Notes
Turn   | Place    | Note
-------+----------+-------------------------------------------
     0 | D:1      | sokol815 the Demigod Fire Elementalist began the quest for
                  | the Orb.
     0 | D:1      | Reached XP level 1. HP: 14/14 MP: 5/5
   116 | D:1      | Reached skill level 3 in Fire Magic
   464 | D:1      | Reached XP level 2. HP: 20/20 MP: 0/7
  1167 | D:2      | Learned a level 2 spell: Scorch
  1456 | D:2      | HP: 5/20 [quokka (4)]
  1459 | D:2      | HP: 1/20 [quokka (3)]
  1461 | D:2      | Slain by a quokka

Illustrated notes

Levels and vault maps discovered:
D:1:      kilobyte_arrival_exit_the_forest, layout_rooms
D:2:      layout_loops_ring, dreamdust_ecumenical_altar_grove,
          nicolae_hexahallways

Skill      XL: |  1 |
---------------+----+-----
Fire Magic     | 3 |  3.8
Dodging        | |  1.7
Stealth        | |  1.7
Spellcasting   | |  1.7
Conjurations   | |  0.8

Action                     || total
---------------------------++-------
  Melee: Hand axe          ||    16
   Cast: Foxfire           ||    55
 Armour: Robe              ||     1
  Dodge: Dodged            ||    17

Table legend: (Time is in decaauts)
 A = Elapsed time spent in this place.
 B = Non-inter-level travel time spent in this place.
 C = Inter-level travel time spent in this place.
 D = Time resting spent in this place.
 E = Time spent auto-exploring this place.
 F = Levels seen in this place.
 G = Mean time per level.
                   A        B        C        D        E       F      G
               +--------+--------+--------+--------+--------+-----+--------+
         Total |   1470 |   1426 |     44 |      0 |   1247 |   2 |  735.0 |
       Dungeon |   1470 |   1426 |     44 |      0 |   1247 |   2 |  735.0 |
               +--------+--------+--------+--------+--------+-----+--------+

Top non-repeatable levels by time:
     D:1: 1104 daAuts
     D:2: 366 daAuts

Table legend:
 A = Kills in this place as a percentage of kills in entire the game.
 B = Kills by you in this place as a percentage of kills by you in the entire game.
 C = Kills by friends in this place as a percentage of kills by friends in the entire game.
 D = Other kills in this place as a percentage of other kills in the entire game.
 E = Experience gained in this place as a percentage of experience gained in the entire game.
 F = Experience gained in this place divided by the number of levels of this place that you have seen.
                   A       B       C       D       E      F
               +-------+-------+-------+-------+-------+----------------------
         Total | 100.0 | 100.0 |   N/A |   N/A | 100.0 |  21.0
       Dungeon | 100.0 | 100.0 |   N/A |   N/A | 100.0 |  21.0
               +-------+-------+-------+-------+-------+----------------------
